 Dungeon Crawl Stone Soup version 0.28-a0-1447-ga5a8893891 (webtiles) character file.

Game seed: 4361539066269369699

46 cheechan the Vexing (level 3, -1/23 HPs)
             Began as an Octopode Arcane Marksman on Jan 11, 2022.
             Slain by an adder (3 damage)
             ... on level 2 of the Dungeon.
             The game lasted 00:05:23 (1313 turns).

cheechan the Vexing (Octopode Arcane Marksman)      Turns: 1313, Time: 00:05:24

Health: -1/23      AC:  1    Str:  9    XL:     3   Next: 68%
Magic:  0/4        EV: 13    Int: 15    God:
Gold:   77         SH:  0    Dex: 14    Spells: 0/4 levels left

rFire   . . .      SeeInvis .   a - +0 shortbow
rCold   . . .      Faith    .   (shield currently unavailable)
rNeg    . . .      Spirit   .   (helmet restricted)
rPois   .          Reflect  .   (no amulet)
rElec   .          Harm     .   (no ring)
rCorr   .          Rampage  .   (no ring)
Will    .....                   (no ring)
Stlth   ++........              (no ring)
HPRegen 0.07/turn               (no ring)
MPRegen 0.09/turn               (no ring)
                                (no ring)
                                (no ring)

@: very slightly contaminated
A: almost no armour, amphibious, 8 rings, camouflage 1, gelatinous body 1,
(nimble swimmer 1), tentacles
a: no special abilities


You were on level 2 of the Dungeon.
You visited 1 branch of the dungeon, and saw 2 of its levels.

You collected 77 gold pieces.

Inventory:

Hand Weapons
 a - a +0 shortbow (weapon)
Missiles
 b - 54 stones
 c - 37 arrows (quivered ammo)
Potions
 d - a potion of might {unknown}
 e - 2 potions of flight


   Skills:
 + Level 1.1 Fighting
 + Level 2.7 Bows
 + Level 2.5 Dodging
 + Level 0.4 Stealth
 + Level 1.1 Spellcasting
 + Level 3.4 Hexes


You couldn't memorise any spells.
You knew the following spells:

 Your Spells              Type           Power      Damage    Failure   Level
a - Slow                  Hex            44%        N/A       6%          1
b - Inner Flame           Hex/Fire       6%         N/A       34%         3

Your spell library contained the following spells:

 Spells                   Type           Power      Damage    Failure   Level
 Portal Projectile        Hex/Tloc       12%        N/A       34%         3
 Cause Fear               Hex            5%         N/A       50%         4
 Vampiric Draining        Necr           0%         2d6       58%         3
 Eringya's Noxious Bog    Tmut/Pois      0%         N/A       100%        6
 Death's Door             Necr           0%         N/A       100%        9


Dungeon Overview and Level Annotations

Branches:
Dungeon (2/15)

Altars:

Shops:
D:1 (


Innate Abilities, Weirdness & Mutations

You cannot wear most types of armour.
You are amphibious.
You can wear up to eight rings at the same time.
Your skin changes colour to match your surroundings (Stealth+).
Your rubbery body absorbs attacks. (AC +1, EV +1)
((You are camouflaged when in or above water. (Stealth+)))
You have tentacles for arms and can constrict up to eight enemies at once.


Message History

Aim: a frilled lizard (40% to hit)
You shoot an arrow. The arrow hits the frilled lizard!
You kill the frilled lizard!
Unknown command.
c - 37 arrows (gained 1)
An adder comes into view.
The adder hisses angrily.
Casting: Slow (safe; 6% risk of failure)
Confirm with . or Enter, or press ? or * to list all spells.
Aiming: Slow (safe; 6% risk of failure)
Press: ? - help, Shift-Dir - straight line, f - adder
Aim: an adder (chance to affect: 58%)
You miscast Slow.
You are very lightly contaminated with residual magic.
Nothing appears to happen.
Unknown command.
Casting: Slow (safe; 6% risk of failure)
Confirm with . or Enter, or press ? or * to list all spells.
Aiming: Slow (safe; 6% risk of failure)
Press: ? - help, Shift-Dir - straight line, f/p - adder
Aim: an adder (chance to affect: 58%)
The adder resists with significant effort.
Unknown command.
Casting: Slow (safe; 6% risk of failure)
Confirm with . or Enter, or press ? or * to list all spells.
Aiming: Slow (safe; 6% risk of failure)
Press: ? - help, Shift-Dir - straight line, f/p - adder
Aim: an adder (chance to affect: 58%)
The adder resists with significant effort.
The adder bites you.
* * * LOW HITPOINT WARNING * * *
Unknown command.
Casting: Slow (safe; 6% risk of failure)
Confirm with . or Enter, or press ? or * to list all spells.
Aiming: Slow (safe; 6% risk of failure)
Press: ? - help, Shift-Dir - straight line, f/p - adder
Aim: an adder (chance to affect: 58%)
The adder resists with significant effort.
The adder bites you.
You die...

#.........#
#.....### #
#.........#
#...[.# ..
###..####.#
#######
...####.##
#.#
[........#
#.#
##.......#
#.# #.......#
#.#
#.......###[#
#.......@##.#
#......#S#
#......#.#
#......#..
#......##.#
#....... ..
#.#...# #..
#.#.#. ..


You could see an adder.

Vanquished Creatures
  An adder (D:2)
  A worm (D:2)
  A dart slug (D:1)
  A ball python (D:1)
  4 bats
  An endoplasm (D:2)
  3 goblins (D:1)
  3 hobgoblins (D:1)
  4 jackals (D:1)
  A quokka (D:1)
  6 frilled lizards
  5 rats
31 creatures vanquished.

Notes
Turn   | Place    | Note
-------+----------+-------------------------------------------
     0 | D:1      | cheechan the Octopode Arcane Marksman began the quest for
                  | the Orb.
     0 | D:1      | Reached XP level 1. HP: 13/13 MP: 2/2
    39 | D:1      | Got the Papyrus of Unstable Black Rituals
    66 | D:1      | Found Uhoenk's Antique Weapon Emporium.
   188 | D:1      | Reached XP level 2. HP: 7/18 MP: 1/3
   340 | D:1      | Found a faded altar of an unknown god.
   547 | D:1      | Reached XP level 3. HP: 4/23 MP: 4/4
   620 | D:1      | Learned a level 3 spell: Inner Flame
  1313 | D:2      | Slain by an adder

Illustrated notes

Levels and vault maps discovered:
D:1:      lemuel_arrival_broad_hall, layout_loops_corners,
          shapermc_ecumenical_altar_pompeii, serial_shops, nicolae_shop_trees
D:2:      layout_basic, chequers_serial_rivers_room_a

Action                   || total
-------------------------++-------
 Fire: Shortbow          ||    74
 Cast: Slow              ||    15
  Use: Scroll            ||     3
Armor: Skin              ||     3
Dodge: Dodged            ||    35

Table legend: (Time is in decaauts)
 A = Elapsed time spent in this place.
 B = Non-inter-level travel time spent in this place.
 C = Inter-level travel time spent in this place.
 D = Time resting spent in this place.
 E = Time spent auto-exploring this place.
 F = Levels seen in this place.
 G = Mean time per level.
                   A        B        C        D        E       F      G
               +--------+--------+--------+--------+--------+-----+--------+
         Total |   1326 |   1326 |      0 |      0 |      0 |   2 |  663.0 |
       Dungeon |   1326 |   1326 |      0 |      0 |      0 |   2 |  663.0 |
               +--------+--------+--------+--------+--------+-----+--------+

Top non-repeatable levels by time:
     D:1: 1057 daAuts
     D:2: 268 daAuts
